 Dungeon Sprint DCSS version 0.29-a0-304-gb34f9e133a (webtiles) character file.

Game seed: 5055205613397990767

1960 Conn the Arsonist (level 9, -3/82 HPs)
             Began as an Octopode Fire Elementalist on Mar 26, 2022.
             Was a High Priest of Sif Muna.
             Engulfed by a fire crab's flame (5 damage)
             ... in the Dungeon (Sprint VII: "The Pits").
             The game lasted 00:13:16 (1433 turns).

Conn the Arsonist (Octopode Fire Elementalist)      Turns: 1433, Time: 00:13:17

Health: -3/82      AC:  1    Str: 10    XL:     9   Next: 19%
Magic:  11/23      EV: 16    Int: 22    God:    Sif Muna [*****.]
Gold:   0          SH:  0    Dex: 15    Spells: 5/28 levels left

rFire   + . .      SeeInvis .   f - +3 dagger (freeze)
rCold   + . .      Faith    .   (no shield)
rNeg    . . .      Spirit   .   (helmet restricted)
rPois   +          Reflect  .   (no amulet)
rElec   +          Harm     .   k - +3 ring of strength
rCorr   +          Rampage  .   l - +3 ring of dexterity
Will    .....      NoTele   +   (no ring)
Stlth   ..........              (no ring)
HPRegen 0.23/turn               (no ring)
MPRegen 0.18/turn               (no ring)
                                (no ring)
                                (no ring)

@: berserking, resistant, very quick
A: almost no armour, amphibious, 8 rings, camouflage 1, gelatinous body 1,
(nimble swimmer 1), tentacles
a: Renounce Religion, Channel Magic, Forget Spell, Divine Exegesis


You were in the Dungeon.
You worshipped Sif Muna.
Sif Muna was extremely pleased with you.
You visited 1 branch

Inventory:

Hand Weapons
 f - a +3 dagger of freezing (weapon)
 g - a +2 dagger
 j - a +0 dagger of electrocution
Jewellery
 k - a +3 ring of strength (left tentacle)
 l - a +3 ring of dexterity (right tentacle)
Scrolls
 i - 5 scrolls of amnesia
Potions
 a - 5 potions of magic
 b - 8 potions of curing
 c - 6 potions of heal wounds
 d - 2 potions of haste
 e - 4 potions of berserk rage
 h - a potion of invisibility
 m - 2 potions of brilliance


   Skills:
 + Level 2.9 Fighting
 + Level 2.6 Short Blades
 + Level 6.1 Dodging
 + Level 8.3 Stealth
 * Level 10.3 Spellcasting
 * Level 6.9 Conjurations
 + Level 1.0 Hexes
 * Level 4.1 Summonings
 + Level 11.2 Fire Magic
 - Level 5.3 Invocations


You had 5 spell levels left.
You knew the following spells:

 Your Spells              Type           Power      Damage    Failure   Level
a - Foxfire               Conj/Fire      100%       2x1d9     1%          1
b - Conjure Flame         Conj/Fire      51%        6-21      1%          3
c - Inner Flame           Hex/Fire       38%        N/A       1%          3
d - Flame Wave            Conj/Fire      51%        2d10      1%          4
e - Scorch                Fire           100%       2d10      1%          2
f - Summon Hydra          Summ           14%        N/A       100%        7
g - Summon Guardian Gole  Hex/Summ       22%        N/A       6%          3

Your spell library contained the following spells:

 Spells                   Type           Power      Damage    Failure   Level
 Summon Small Mammal      Summ           100%       N/A       1%          1
 Call Canine Familiar     Summ           29%        N/A       3%          3
 Sublimation of Blood     Necr           11%        N/A       9%          2
 Wereblood                Tmut           11%        N/A       9%          2


Dungeon Overview and Level Annotations

Branches:
Dungeon (1/1)

Altars:
Ashenzari
Cheibriados
Dithmenos
Elyvilon
Fedhas
Gozag
Hepliaklqana
Kikubaaqudgha
Makhleb
Nemelex Xobeh
Okawaru
Qazlal
Ru
Sif Muna
Trog
Uskayaw
Vehumet
Wu Jian
Xom
Yredelemnul
Zin
The Shining One
Beogh
Jiyva
Lugonu


Innate Abilities, Weirdness & Mutations

You cannot wear most types of armour.
You are amphibious.
You can wear up to eight rings at the same time.
Your skin changes colour to match your surroundings (Stealth+).
Your rubbery body absorbs attacks. (AC +1, EV +1)
((You are camouflaged when in or above water. (Stealth+)))
You have tentacles for arms and can constrict up to eight enemies at once.


Message History

Unknown command.
You feel protected.
A red film seems to cover your vision as you go berserk!
You feel yourself moving faster!
You feel mighty! The fire crab barely misses you.
The fire crab completely misses you.
You hit the fire crab but do no damage. You grab the fire crab.
The fire crab is moderately wounded.
You constrict the fire crab, but do no damage.
The fire crab breathes flames at you. The blast of flame engulfs you.
You resist.
You hit the fire crab but do no damage.
The fire crab is moderately wounded.
You are engulfed in blazing flames.
You resist.
You constrict the fire crab, but do no damage.
The fire crab bites you!
You are engulfed in flames.
You resist.
* * * LOW HITPOINT WARNING * * *
The fire crab claws you!
* * * LOW HITPOINT WARNING * * *
You are engulfed in flames.
You resist.
* * * LOW HITPOINT WARNING * * *
You puncture the fire crab! You freeze the fire crab.
You squeeze the fire crab.
The fire crab is heavily wounded.
You are engulfed in blazing flames.
You resist.
* * * LOW HITPOINT WARNING * * *
You constrict the fire crab, but do no damage.
Unknown command.
You are too berserk!
Unknown command.
Unknown command.
Unknown command.
Okay, then.
Unknown command.
Unknown command.
Unknown command.
Unknown command.
You hit the fire crab. You freeze the fire crab.
The fire crab is severely wounded.
You are engulfed in blazing flames.
You resist.
You die...

.# .#
.###########++######
'##................#
.##......#..#......#
†##)...............+
..)).............°°+
###......#..#.°°°°.#
)##..........:.t@°°#
'#####'#####''######
.##.......##○'#
.##.......##§§..
###.......##..§.t.
.##...<...##.)#####
.##.......##..+
.##.......##..#
###.......##..#


You could see a fire crab.

Vanquished Creatures
  A two-headed ogre (D)
  A water moccasin (D)
  An ogre (D)
  5 wolves (D)
  A gnoll sergeant (D)
  A scorpion (D)
  3 wights (D)
  An orc priest (D)
  An iron imp (D)
  5 gnolls (D)
  An ufetubus (D)
  A worm (D)
  3 orcs (D)
  A bat (D)
  A goblin (D)
  A quokka (D)
  A rat (D)
29 creatures vanquished.

Vanquished Creatures (collateral kills)
  A red devil (D)
  A centaur (D)
  A scorpion (D)
  A gnoll (D)
  A river rat (D)
  A bat (D)
  A quokka (D)
  A quokka skeleton (D)
8 creatures vanquished.

Vanquished Creatures (others)
  54 foxfires (D)
54 creatures vanquished.

Grand Total: 91 creatures vanquished

Notes
Turn   | Place    | Note
-------+----------+-------------------------------------------
     0 | D        | Conn the Octopode Fire Elementalist began the quest for the
                  | Orb.
     0 | D        | Reached XP level 1. HP: 11/11 MP: 3/3
    40 | D        | Found a bloodstained altar of Trog.
    40 | D        | Found a shimmering blue altar of Sif Muna.
    40 | D        | Found a viscous altar of Jiyva.
    40 | D        | Found a hazy altar of Hepliaklqana.
    40 | D        | Found an opulent altar of Gozag.
    41 | D        | Found a glowing golden altar of the Shining One.
    41 | D        | Found a glowing silver altar of Zin.
    41 | D        | Found a basalt altar of Yredelemnul.
    41 | D        | Found a shimmering altar of Xom.
    41 | D        | Found an ornate altar of the Wu Jian Council.
    41 | D        | Found a sacrificial altar of Ru.
    41 | D        | Found a stormy altar of Qazlal.
    41 | D        | Found an iron altar of Okawaru.
    41 | D        | Found a sparkling altar of Nemelex Xobeh.
    41 | D        | Found a burning altar of Makhleb.
    41 | D        | Found a blossoming altar of Fedhas.
    41 | D        | Found a white marble altar of Elyvilon.
    41 | D        | Found a shadowy altar of Dithmenos.
    41 | D        | Found a snail-covered altar of Cheibriados.
    42 | D        | Found a radiant altar of Vehumet.
    42 | D        | Found a corrupted altar of Lugonu.
    43 | D        | Found an ancient bone altar of Kikubaaqudgha.
    43 | D        | Found a hide-covered altar of Uskayaw.
    43 | D        | Found a broken altar of Ashenzari.
    44 | D        | Became a worshipper of Sif Muna the Loreminder
    57 | D        | Noticed a scorpion
    60 | D        | Killed a scorpion
    61 | D        | Reached skill level 6 in Fire Magic
    61 | D        | Reached XP level 2. HP: 8/17 MP: 4/6
    61 | D        | Reached XP level 3. HP: 11/21 MP: 4/7
    62 | D        | Reached XP level 4. HP: 14/27 MP: 4/9
    68 | D        | Reached * piety under Sif Muna
    81 | D        | Noticed a centaur
    82 | D        | Reached ** piety under Sif Muna
    86 | D        | Killed a centaur
    87 | D        | Reached skill level 1 in Short Blades
    87 | D        | Reached skill level 5 in Stealth
    87 | D        | Reached skill level 8 in Fire Magic
    87 | D        | Reached XP level 5. HP: 32/32 MP: 5/11
   141 | D        | Learned a level 3 spell: Conjure Flame
   145 | D        | Learned a level 3 spell: Inner Flame
   150 | D        | Learned a level 4 spell: Flame Wave
   153 | D        | Learned a level 2 spell: Scorch
   155 | D        | Noticed a water moccasin
   164 | D        | Killed a water moccasin
   164 | D        | Reached *** piety under Sif Muna
   165 | D        | Reached skill level 1 in Fighting
   165 | D        | Reached skill level 9 in Fire Magic
   165 | D        | Reached XP level 6. HP: 33/38 MP: 2/15
   215 | D        | Reached **** piety under Sif Muna
   382 | D        | Reached skill level 5 in Dodging
   629 | D        | Reached XP level 7. HP: 44/44 MP: 17/17
   633 | D        | Reached ***** piety under Sif Muna
   644 | D        | Noticed a red devil
   651 | D        | Received a gift from Sif Muna
   652 | D        | Reached skill level 10 in Fire Magic
   658 | D        | Reached skill level 5 in Conjurations
   658 | D        | Reached skill level 5 in Invocations
   894 | D        | Learned a level 7 spell: Summon Hydra
   938 | D        | Reached skill level 1 in Summonings
   938 | D        | Reached XP level 8. HP: 16/51 MP: 14/19
  1176 | D        | Killed a red devil
  1176 | D        | Received a gift from Sif Muna
  1182 | D        | Learned a level 3 spell: Summon Guardian Golem
  1408 | D        | Noticed a fire crab
  1408 | D        | Noticed a two-headed ogre
  1418 | D        | Killed a two-headed ogre
  1418 | D        | Received a gift from Sif Muna
  1419 | D        | Reached skill level 10 in Spellcasting
  1419 | D        | Reached skill level 1 in Hexes
  1419 | D        | Reached skill level 11 in Fire Magic
  1419 | D        | Reached XP level 9. HP: 55/55 MP: 16/23
  1432 | D        | HP: 2/82 [fire crab] (6)]
  1433 | D        | Engulfed by a fire crab's flame

Illustrated notes

Levels and vault maps discovered:
D:        pitsprint [storerooms_1, entrance_room_1, metal_vault_8, armoury_3,
          mini_pit_1, grid_room_1, main_hall_1, silver_pit, the_coven_3,
          the_vestibule_1, steel_vault_4, golden_pit, hallway_of_sentries,
          crystal_vault_3, iron_vault_4, final_vault]

Skill      XL: |  1  2  3  4  5  6  7  8 |
---------------+-------------------------+-----
Dodging        | 3 4 5 6 |  6.1
Stealth        | 4 5 6 7 8 |  8.3
Spellcasting   | 3 4 6 7 10 | 10.3
Fire Magic     | 6 8 9 10 11 | 11.2
Short Blades   | 1 2 |  2.6
Fighting       | 1 2 |  2.9
Conjurations   | 3 4 5 6 |  6.9
Invocations    | 3 4 5 |  5.3
Summonings     | 1 4 |  4.1
Hexes          | 1 |  1.0

Action                   |  1- 3 |  4- 6 |  7- 9 || total
-------------------------+-------+-------+-------++-------
Melee: Dagger            |     3 |    24 |    15 ||    42
       Tentacles         |     3 |    10 |     5 ||    18
       Constrict         |     2 |     5 |     5 ||    12
       Unarmed           |     1 |       |       ||     1
       Punch             |       |     1 |       ||     1
 Cast: Foxfire           |     2 |    11 |    18 ||    31
       Scorch            |       |     2 |     7 ||     9
       Inner Flame       |       |     1 |     2 ||     3
       Conjure Flame     |       |     1 |     1 ||     2
       Flame Wave        |       |       |     2 ||     2
       Summon Hydra      |       |       |     2 ||     2
       Summon Guardian G |       |       |     1 ||     1
Invok: Divine Exegesis   |       |       |     2 ||     2
  Use: Scroll            |     1 |       |     1 ||     2
       Potion            |       |     2 |     3 ||     5
 Stab: Sleeping          |       |     1 |     1 ||     2
Armor: Skin              |       |     1 |     1 ||     2
Dodge: Dodged            |     3 |    16 |    14 ||    33

Table legend: (Time is in decaauts)
 A = Elapsed time spent in this place.
 B = Non-inter-level travel time spent in this place.
 C = Inter-level travel time spent in this place.
 D = Time resting spent in this place.
 E = Time spent auto-exploring this place.
 F = Levels seen in this place.
 G = Mean time per level.
                   A        B        C        D        E       F      G
               +--------+--------+--------+--------+--------+-----+--------+
         Total |   1426 |   1426 |      0 |    777 |      0 |   1 | 1426.0 |
       Dungeon |   1426 |   1426 |      0 |    777 |      0 |   1 | 1426.0 |
               +--------+--------+--------+--------+--------+-----+--------+

Top non-repeatable levels by time:
       D: 1426 daAuts
